 Dungeon Crawl Stone Soup version 0.27.0-1-g7a089689b8 (webtiles) character file.

Game seed: 4959382986385299198

33205 gimp the Bludgeoner (level 14, -1/116 HPs)
             Began as a Formicid Berserker on Aug 12, 2021.
             Was an Elder of Trog.
             Killed from afar by an efreet (15 damage)
             ... with a fireball
             ... on level 15 of the Dungeon.
             The game lasted 00:39:28 (18904 turns).

gimp the Bludgeoner (Formicid Berserker)           Turns: 18904, Time: 00:39:28

Health: -1/116     AC: 17    Str: 30    XL:     14   Next: 6%
Magic:  14/14      EV: 11    Int:  7    God:    Trog [****..]
Gold:   707        SH: 14    Dex: 11    Spells: 13/13 levels left

rFire    + . .     SeeInvis +   b - +0 dire flail (holy)
rCold    + + .     Faith    +   o - +0 kite shield
rNeg     . . .     Spirit   .   l - +4 scale mail {rPois}
rPois    +         Reflect  .   (helmet unavailable)
rElec    .         Harm     .   G - scarf {rC+ rF+}
rCorr    .         Rampage  .   (no gloves)
Will     +++..                  t - +0 pair of boots "Zypex" {rPois}
Stlth    ..........             f - amulet of faith
HPRegen  1.29/turn              h - ring "Gexah" {rC+ Str+4}
MPRegen  0.14/turn              q - +4 ring of protection

@: strong-willed, regenerating
A: permanent stasis, dig shafts and tunnels, antennae 3, four strong arms, noise
suppression
a: Dig, Shaft Self, Renounce Religion, Trog's Hand, Brothers in Arms


You were on level 15 of the Dungeon.
You worshipped Trog.
Trog was greatly pleased with you.
You visited 1 branch of the dungeon, and saw 15 of its levels.
You also visited: Ossuary and Gauntlet.

You collected 899 gold pieces.
You spent 192 gold pieces at shops.

Inventory:

Hand Weapons
 a - a +2 morningstar of freezing
 b - a +0 dire flail of holy wrath (weapon)
 z - a +2 morningstar of flaming
Missiles
 x - 5 silver javelins
 A - a curare-tipped dart
 D - a throwing net
 L - 7 javelins
 R - 21 poisoned darts
Armour
 l - a +4 scale mail of poison resistance (worn)
 o - a +0 kite shield (worn)
 t - the +0 pair of boots "Zypex" (worn) {rPois}
   (You found it in a Gauntlet)

   rPois:     It protects you from poison.
 y - +0 acid dragon scales
 F - a +0 tower shield
 G - a scarf of resistance (worn)
 J - a +1 leather armour of willpower
Jewellery
 f - an amulet of faith (around neck)
 h - the ring "Gexah" (left hand) {rC+ Str+4}
   (You found it in a Gauntlet)

   [ring of protection from cold]

   Str:       It affects your strength (+4).
   rC:        It protects you from cold.
 j - a ring of protection from fire
 q - a +4 ring of protection (right hand)
 v - a +6 ring of dexterity
 P - an amulet of regeneration
 T - a ring of positive energy
Wands
 c - a wand of polymorph (17)
 u - a wand of paralysis (10)
 w - a wand of digging (1)
 C - a wand of iceblast (7)
 N - a wand of acid (6)
 O - a wand of flame (15)
Scrolls
 n - a scroll of enchant weapon
 s - 3 scrolls of magic mapping
 E - 2 scrolls of torment
 H - a scroll of silence
 I - 3 scrolls of fear
 M - 2 scrolls of identify
 Q - a scroll of enchant armour
Potions
 d - a potion of invisibility
 e - 5 potions of curing
 i - 2 potions of flight
 k - 2 potions of mutation
 m - 3 potions of magic
 p - 3 potions of lignification
 r - 2 potions of heal wounds
 B - a potion of ambrosia
 S - a potion of might {unknown}
Miscellaneous
 g - a phantom mirror
 K - a phial of floods


   Skills:
 + Level 12.4 Fighting
 - Level 16.0 Maces & Flails
 - Level 9.0 Armour
 - Level 1.7 Dodging
 + Level 14.1 Shields


You had 13 spell levels left.
You didn't know any spells.
Your spell library was empty.

Dungeon Overview and Level Annotations

Branches:
Dungeon (15/15)            Temple (0/1) D:4            Lair (0/6) D:11
    Orc (0/2) D:12        Ossuary (visited)         Gauntlet (visited)
 Vaults: D:13-14     Depths: D:15

Altars:
Cheibriados
Elyvilon
Fedhas
Okawaru
Ru
Trog
Wu Jian
Yredelemnul
Zin
Beogh

Shops:
D:4 =   D:6 :   D:7 :   D:11 [

Portals:
Trove: D:12 (give horn of Geryon)

Annotations:
D:5 Grinder
D:6 exclusion: door
D:14 Roxanne
D:15 Louise


Innate Abilities, Weirdness & Mutations

You cannot be hasted, slowed, berserked, paralysed or teleported.
You can dig through walls and to a lower floor.
You have a pair of large antennae on your head. (SInv)
Your four strong arms can wield two-handed weapons with a shield.
You passively dampen the noise of your surroundings.


Message History

You take 2 damage, and have 85/116 hp.
There are monsters nearby!
The centaur warrior unwields a +0 longbow.
The centaur warrior hits you but does no damage.
You block the centaur warrior's attack. You block Louise's attack.
You climb downwards.
Beware, you cannot shaft yourself on this level.
There is a stone staircase leading up here.
Your skin crawls.
You feel strong-willed.
You block the centaur warrior's attack. x2
Louise hits you with a +2 trident of venom.
The centaur warrior barely misses you.
The centaur warrior kicks you but does no damage.
You take 4 damage, and have 82/116 hp.
Louise hits you but does no damage.
You are poisoned.
The centaur warrior wields a +0 longbow.
The centaur warrior shoots an arrow.
The arrow hits you!! The efreet gestures at you. The bolt of fire misses you.
You take 20 damage, and have 62/116 hp.
You feel sick.
The centaur warrior shoots an arrow.
The arrow hits you!!
* * * LOW HITPOINT WARNING * * *
You take 30 damage, and have 32/116 hp.
MASSIVE DAMAGE!!
You feel sick.
You take 1 damage, and have 31/116 hp.
You extend your mandibles.
You dig through the rock wall.
You feel sick.
You dig through the rock wall.
You feel sick. Louise casts a spell at you. The stone arrow hits you!!
* * * LOW HITPOINT WARNING * * *
You take 19 damage, and have 13/116 hp.
You dig through the rock wall.
You feel sick.
You dig through the rock wall.
You feel sick.
You are no longer poisoned.
The efreet gestures at you.
The fireball explodes!
The fireball engulfs you! You resist.
You die...

## ... ############# .. ....<.
............#
#.......#########...###.#
##.#.#........C{..R☼°....#.#
#.°.J. ###.##°###.##°<.#.#.#####
#.○#.# #)##○##.#.##...........
##..#.# #.##.#@##.{{.c.........
......#####.##R####.##c##########
##....J○○R..##............# #
......#####☼#○.........##.# #
.#......###.☼.......##.# # #
#.#.._.......###..###.# # ..
#....###.### #..# #.# # C #...$#
#.# #(.# .# # ##.#.# #.# #..# #


You could see an efreet.

Vanquished Creatures
  Kirke (D:13)
  An entropy weaver (Gauntlet)
  A minotaur (Gauntlet)
  Josephine (D:13)
  4 centaur warriors
  A hydra (D:11)
  A boulder beetle (D:15)
  3 two-headed ogres
  Erica (D:9)
  A death knight (D:13)
  A tengu warrior (D:13)
  Urug (D:12)
  A skeletal warrior (D:13)
  A phantasmal warrior (D:13)
  A deep elf pyromancer (D:14)
  5 ugly things
  A manticore (D:15)
  3 cyclopes
  Maurice (D:11)
  2 gargoyles (D:12)
  An unseen horror (D:12)
  A kobold demonologist (D:12)
  Maggie (D:7)
  A yaktaur (D:15)
  A tengu conjurer (D:13)
  An efreet (D:13)
  2 ice devils (D:13)
  A meliai (shapeshifter) (D:15)
  2 jumping spiders (Gauntlet)
  A wolf spider simulacrum (Gauntlet)
  4 trolls
  4 slime creatures
  6 centaur simulacra (Gauntlet)
  A dream sheep (shapeshifter) (D:14)
  A vampire (D:13)
  Sigmund (D:8)
  6 yaks
  A water elemental (D:13)
  9 wraiths
  A fire bat (shapeshifter) (D:14)
  A steam dragon (D:7)
  10 vampire mosquitoes
  A warg (D:12)
  3 water moccasins
  2 acid dragons
  7 orc warriors
  A black bear (D:5)
  An ogre (D:6)
  5 centaurs
  4 kobold brigands
  A water moccasin zombie (Ossuary)
  A hornet simulacrum (Gauntlet)
  9 killer bees (D:10)
  A water moccasin skeleton (D:5)
  16 wights
  4 howler monkeys
  3 centaur zombies
  2 jellies
  A wyvern simulacrum (Gauntlet)
  2 bullfrog zombies
  4 hounds
  A centaur skeleton (D:6)
  9 orc priests
  A bullfrog skeleton (D:6)
  3 iguanas
  10 orc wizards
  A killer bee zombie (D:6)
  A hound skeleton (D:5)
  2 mummies (Ossuary)
  7 adders
  11 gnolls
  A white imp (D:5)
  4 ufetubi
  8 adder zombies (Ossuary)
  3 worms
  2 dart slugs
  49 orcs
  5 ball pythons
  3 bats
  3 endoplasms
  A giant cockroach (D:1)
  3 gnoll zombies (Ossuary)
  11 goblins
  12 hobgoblins
  10 jackals
  21 kobolds
  2 quokkas
  2 frilled lizards (D:1)
  3 hobgoblin zombies (Ossuary)
  6 kobold zombies (Ossuary)
  4 orc zombies (Ossuary)
  13 rats
  A spectral orc (D:10)
370 creatures vanquished.

Vanquished Creatures (collateral kills)
  A gargoyle (D:7)
  An acid dragon (D:9)
  2 orc warriors
  3 centaurs
  A gnoll shaman (D:9)
  An orc priest (D:7)
  3 gnolls (D:9)
12 creatures vanquished.

Vanquished Creatures (others)
  Psyche (D:9)
  A slime creature (D:15)
  6 humans (D:13)
  An electric eel (D:14)
  A gnoll (D:9)
  4 fungi (Gauntlet)
  10 plants (Gauntlet)
24 creatures vanquished.

Grand Total: 406 creatures vanquished

Notes
Turn   | Place    | Note
-------+----------+-------------------------------------------
     0 | D:1      | gimp the Formicid Berserker began the quest for the Orb.
     0 | D:1      | Reached XP level 1. HP: 18/18 MP: 1/1
   166 | D:1      | Reached XP level 2. HP: 24/24 MP: 2/2
   577 | D:1      | Reached XP level 3. HP: 23/29 MP: 3/3
   779 | D:1      | Reached ** piety under Trog
  1400 | D:2      | Reached XP level 4. HP: 36/37 MP: 4/4
  1482 | D:2      | Reached skill level 4 in Maces & Flails
  2018 | D:2      | Found a faded altar of an unknown god.
  2748 | D:3      | Reached skill level 1 in Shields
  2748 | D:3      | Reached XP level 5. HP: 38/42 MP: 5/5
  3034 | D:3      | Found a sacrificial altar of Ru.
  3034 | D:3      | Found an iron altar of Okawaru.
  3050 | D:3      | Found a white marble altar of Elyvilon.
  3050 | D:3      | Found an ornate altar of the Wu Jian Council.
  3054 | D:3      | Found a blossoming altar of Fedhas.
  3055 | D:3      | Found a glowing silver altar of Zin.
  3851 | D:3      | Reached *** piety under Trog
  4008 | D:4      | Found Ameth's Jewellery Emporium.
  4077 | D:4      | Reached XP level 6. HP: 39/48 MP: 6/6
  4278 | D:4      | Reached skill level 5 in Maces & Flails
  4294 | D:4      | Found a staircase to the Ecumenical Temple.
  4710 | D:5      | Entered Level 5 of the Dungeon
  4776 | D:5      | Reached XP level 7. HP: 46/55 MP: 7/7
  5043 | D:5      | Noticed Grinder
  5063 | D:5      | Noticed a gargoyle
  5074 | D:5      | You fall into a shaft and drop 3 floors!
  5121 | D:8      | Reached skill level 5 in Fighting
  5129 | D:8      | Reached skill level 6 in Maces & Flails
  5405 | D:6      | Reached XP level 8. HP: 37/58 MP: 8/8
  5530 | D:6      | Reached skill level 5 in Armour
  5704 | D:6      | Found a sand-covered staircase.
  5709 | Ossuary  | Entered an ossuary
  5848 | Ossuary  | Reached **** piety under Trog
  5942 | D:6      | Reached skill level 7 in Maces & Flails
  6100 | D:5      | HP: 2/64 [orc warrior (7)]
  6470 | D:6      | Found Dodwow's Book Shop.
  6526 | D:6      | Reached XP level 9. HP: 69/69 MP: 9/9
  6607 | D:6      | Reached skill level 5 in Shields
  6990 | D:7      | Reached skill level 8 in Maces & Flails
  7274 | D:7      | Noticed a gargoyle
  7282 | D:7      | Killed a gargoyle
  7544 | D:7      | Noticed Maggie
  7564 | D:7      | Gained mutation: You passively dampen the noise of your
                  | surroundings. [potion of mutation]
  7579 | D:7      | Killed Maggie
  7766 | D:7      | Found Dis Gode's Book Emporium.
  8173 | D:7      | Noticed a moth of wrath
  8176 | D:7      | Found a bloodstained altar of Trog.
  8503 | D:8      | Reached XP level 10. HP: 67/79 MP: 10/10
  8516 | D:8      | Reached skill level 9 in Maces & Flails
  8633 | D:8      | Noticed Sigmund
  8647 | D:8      | Killed Sigmund
  9390 | D:9      | Noticed Psyche
  9698 | D:9      | Killed Psyche
 10247 | D:8      | Reached skill level 10 in Maces & Flails
 10549 | D:9      | Reached ***** piety under Trog
 11028 | D:9      | Noticed Erica
 11041 | D:9      | Killed Erica
 11182 | D:9      | Reached XP level 11. HP: 83/87 MP: 11/11
 11391 | D:10     | Entered Level 10 of the Dungeon
 11430 | D:10     | Identified a scroll of acquirement
 11431 | D:10     | Acquired a manual of Maces & Flails
 12114 | D:10     | Reached skill level 11 in Maces & Flails
 12185 | D:10     | Found a basalt altar of Yredelemnul.
 12532 | D:11     | Found a staircase to the Lair.
 12569 | D:11     | Noticed a cyclops
 12579 | D:11     | Killed a cyclops
 12677 | D:11     | Found Xuuso's Antique Armour Boutique.
 12680 | D:11     | Bought an embroidered scarf for 192 gold pieces
 12800 | D:11     | Noticed a two-headed ogre
 12808 | D:11     | Killed a two-headed ogre
 12809 | D:11     | Reached skill level 12 in Maces & Flails
 12816 | D:11     | Noticed a four-headed hydra
 12829 | D:11     | Killed a four-headed hydra
 13103 | D:11     | Noticed Maurice
 13126 | D:11     | Killed Maurice
 13287 | D:11     | You fall into a shaft and drop 3 floors!
 13294 | D:14     | Noticed a deep elf pyromancer
 13325 | D:14     | Killed a deep elf pyromancer
 13326 | D:14     | Reached skill level 13 in Maces & Flails
 13341 | D:14     | Identified Roxanne's Collected Works on Clay
 13341 | D:14     | Noticed Roxanne
 13358 | D:14     | Noticed a centaur warrior
 13372 | D:14     | Killed a centaur warrior
 13527 | D:13     | Found a gate leading to a gauntlet.
 13535 | Gauntlet | Entered a Gauntlet
 13535 | Gauntlet | Found a transporter.
 13544 | Gauntlet | Found a transporter.
 13546 | Gauntlet | Found a transporter.
 13548 | Gauntlet | Found a transporter.
 13566 | Gauntlet | Found a transporter.
 13579 | Gauntlet | Found a transporter.
 13584 | Gauntlet | Found a transporter.
 13584 | Gauntlet | Noticed an elephant
 13584 | Gauntlet | Noticed an elephant
 13585 | Gauntlet | Noticed a dire elephant
 13601 | Gauntlet | Found a transporter.
 13614 | Gauntlet | Noticed a dire elephant
 13618 | Gauntlet | Found a transporter.
 13621 | Gauntlet | Noticed an elephant
 13630 | Gauntlet | Found a transporter.
 13639 | Gauntlet | Found a transporter.
 13650 | Gauntlet | Noticed an entropy weaver
 13653 | Gauntlet | Noticed a ghost crab
 13654 | Gauntlet | Found a transporter.
 13659 | Gauntlet | Found a transporter.
 13671 | Gauntlet | Noticed a green death
 13674 | Gauntlet | Found a transporter.
 13693 | Gauntlet | Found a transporter.
 13710 | Gauntlet | Found a transporter.
 13753 | Gauntlet | Reached XP level 12. HP: 95/95 MP: 12/12
 13756 | Gauntlet | Found a transporter.
 13780 | Gauntlet | Found a transporter.
 13814 | Gauntlet | Identified the ring "Gexah" {rC+ Str+4}
 13823 | Gauntlet | Reached skill level 10 in Shields
 13828 | Gauntlet | Reached skill level 14 in Maces & Flails
 13885 | Gauntlet | Killed an entropy weaver
 14164 | Gauntlet | Identified the +0 pair of boots "Zypex" {rPois}
 14210 | Gauntlet | Noticed a minotaur
 14226 | Gauntlet | Killed a minotaur
 14227 | Gauntlet | Reached skill level 15 in Maces & Flails
 14238 | Gauntlet | Found the +4 Cigotuvi's embrace {rMiasma Drain rN+}
 14496 | D:12     | Noticed a two-headed ogre
 14507 | D:12     | Killed a two-headed ogre
 14610 | D:12     | Found a portal to a secret trove of treasure.
 15032 | D:12     | Found a staircase to the Orcish Mines.
 15346 | D:12     | Noticed Urug
 15358 | D:12     | Killed Urug
 16153 | D:13     | Reached skill level 16 in Maces & Flails
 16153 | D:13     | Reached XP level 13. HP: 98/102 MP: 13/13
 16410 | D:13     | Noticed Kirke
 16427 | D:13     | Killed Kirke
 16428 | D:13     | Reached skill level 10 in Fighting
 16778 | D:13     | Noticed a centaur warrior
 16817 | D:13     | Killed a centaur warrior
 17367 | D:13     | Noticed Josephine
 17386 | D:13     | Killed Josephine
 17704 | D:14     | Noticed a centaur warrior
 17997 | D:14     | Killed a centaur warrior
 18086 | D:14     | Noticed Louise
 18086 | D:14     | Noticed a centaur warrior
 18092 | D:14     | You fall into a shaft and drop 1 floor!
 18092 | D:15     | Entered Level 15 of the Dungeon
 18092 | D:15     | Noticed a centaur warrior
 18100 | D:15     | Killed a centaur warrior
 18188 | D:15     | Noticed a boulder beetle
 18221 | D:15     | Killed a boulder beetle
 18354 | D:15     | Reached XP level 14. HP: 71/116 MP: 14/14
 18860 | D:15     | Found a snail-covered altar of Cheibriados.
 18904 | D:15     | Killed from afar by an efreet

Illustrated notes

Levels and vault maps discovered:
D:1:      dpeg_arrival_arbitrary_c, layout_loops_ring, lemuel_flame_loot_1
D:2:      layout_basic, hellmonk_ecumenical_altar_defaced_shrine,
          guppyfry_early_orc_mine
D:3:      layout_loops_ring, minitemple, columned_hall_lemuel
D:4:      layout_loops_ring, minmay_temple_entry_mist, serial_shops, shop,
          ebering_dispersal_statue_hall, minmay_misc_feat_diagonals
D:5:      layout_basic, minmay_chambers_of_fives, uniq_grinder
D:6:      cheibrodos_two_vegetables, layout_cave_pools, serial_shops,
          nicolae_stop_n_shop_1, enter_ossuary_5, nrook_mini_backslash,
          minmay_misc_feat_room
D:7:      layout_loops_ring, tgw_trog, serial_shops,
          nicolae_inconvenience_store, uniq_maggie
D:8:      layout_loops_ring, sigmund_army
D:9:      layout_long_grid, minmay_fountain_box, uniq_erica, uniq_psyche
D:10:     layout_loops_ring, yredelemnul_forgotten_temple_becter
D:11:     layout_roguey, lair_entry_dummy, serial_shops, kennysheep_mini,
          uniq_maurice
D:12:     layout_stronghold, david_orc_1_choice, enter_trove_2, uniq_urug
D:13:     layout_layer_cave, portal_ice_cave_demonic_guard,
          gauntlet_entry_generic, minivault_23, kennysheep_potato, uniq_kirke,
          uniq_josephine
D:14:     layout_irregular_city, david_vaults_4, chequers_garden,
          nicolae_twisting_strands, chequers_serial_rivers_marsh,
          lemuel_freeze_loot_1, uniq_louise, uniq_roxanne
D:15:     grunt_enter_depths_magical_seal, layout_loops_ring,
          cheibriados_altar_1, okawaru_trees_1, uniq_nessos

Skill      XL: |  1  2  3  4  5  6  7  8  9 10 11 12 13 |
---------------+----------------------------------------+-----
Maces & Flails | 4 5 6 7 8 10 13 16 | 16.0
Armour         | 3 4 5 6 8 9 |  9.0
Fighting       | 4 5 6 7 8 9 12 | 12.4
Shields        | 1 2 3 4 6 8 9 11 14 | 14.1
Dodging        | |  1.7

Action                   |  1- 3 |  4- 6 |  7- 9 | 10-12 | 13-15 || total
-------------------------+-------+-------+-------+-------+-------++-------
Melee: Mace              |    99 |    58 |       |       |       ||   157
       Flail             |       |   180 |   330 |       |       ||   510
       Morningstar       |       |       |    52 |    18 |       ||    70
       Dire flail        |       |       |       |   686 |   254 ||   940
Invok: Trog's Hand       |       |     3 |    10 |     8 |     3 ||    24
       Brothers in Arms  |       |       |     2 |     7 |       ||     9
 Abil: Dig               |       |       |    10 |     4 |     3 ||    17
       Shaft Self        |       |       |     1 |       |     1 ||     2
Evoke: Wand              |       |       |       |     2 |     2 ||     4
       Phantom mirror    |       |       |       |     1 |       ||     1
  Use: Scroll            |       |       |    12 |    11 |     1 ||    24
       Potion            |       |       |     4 |     3 |       ||     7
 Stab: Paralysed         |       |       |       |     7 |       ||     7
Armor: Animal skin       |    29 |    20 |       |       |       ||    49
       Scale mail        |       |    39 |   202 |   223 |    53 ||   517
       Skin              |       |       |       |    77 |       ||    77
       Acid dragon scale |       |       |       |    11 |       ||    11
Dodge: Dodged            |    67 |   117 |   187 |   227 |    55 ||   653
Block: Buckler           |       |    30 |    77 |    58 |       ||   165
       Kite shield       |       |       |       |   264 |   120 ||   384
